 Dungeon Crawl Stone Soup version 0.26-a0-651-gb41185065b (webtiles) character file.

Game seed: 10957593319799274560

(classic levelgen) 50 EnegeticOcto the Shield-Bearer (level 3, 34/34 HPs)
             Began as a Deep Dwarf Fighter on Oct 17, 2020.
             Quit the game on level 3 of the Dungeon.
             The game lasted 00:00:25 (343 turns).

EnegeticOcto the Shield-Bearer (Deep Dwarf Fighter)  Turns: 343, Time: 00:00:26

Health: 34/34      AC:  9    Str: 20    XL:     3   Next: 55%
Magic:  2/2        EV:  5    Int:  8    God:
Gold:   29         SH:  9    Dex: 12    Spells: 2/2 levels left

rFire    . . .     SeeInvis .   a - +0 war axe
rCold    . . .     Faith    .   c - +0 kite shield
rNeg     . . .     Spirit   .   i - +0 chain mail
rPois    .         Reflect  .   (no helmet)
rElec    .         Harm     .   (no cloak)
rCorr    .         Rampage  .   (no gloves)
MR       .....                  (no boots)
Stlth    ..........             (no amulet)
HPRegen  0.00/turn              (no ring)
MPRegen  0.08/turn              (no ring)

@: non-regenerating
A: damage resistance, heal wounds, sense surroundings 1, no regeneration
a: Heal Wounds


You were on level 3 of the Dungeon.
You visited 1 branch of the dungeon, and saw 3 of its levels.

You collected 29 gold pieces.

Inventory:

Hand Weapons
 a - a +0 war axe (weapon)
Armour
 b - a +0 scale mail
 c - a +0 kite shield (worn)
 i - a +0 chain mail (worn)
Jewellery
 e - an uncursed ring of positive energy {unknown}
Potions
 d - a potion of might {@q3}
 f - a potion of flight {unknown}
 g - 2 potions of lignification {unknown}
 h - 2 potions of stabbing {unknown}


   Skills:
 + Level 3.0 Fighting
 * Level 3.2 Axes
 + Level 3.7 Armour
 + Level 3.7 Shields


You had 2 spell levels left.
You didn't know any spells.
Your spell library was empty.

Dungeon Overview and Level Annotations

Branches:
Dungeon (3/15)

Altars:


Innate Abilities, Weirdness & Mutations

You are resistant to damage.
You can heal yourself by infusing magical energy.
You passively map a small area around you.
You do not regenerate.


Message History

a +0 flail; a gnoll corpse; a jackal corpse The gnoll shouts!
The gnoll shouts!
A worm comes into view.
A worm is nearby!
A worm is nearby!
A worm is nearby!
Found a stone staircase leading up.
You slash the worm!
The worm is severely wounded.
You completely miss the worm.
The worm is severely wounded.
The worm bites you.
You hit the worm.
The worm is severely wounded.
You block the worm's attack.
You hit the worm.
The worm is almost dead.
The worm bites you.
You barely miss the worm.
The worm is almost dead.
The worm bites you.
You hit the worm.
The worm is almost dead.
The worm bites you but does no damage.
Your shield and chain mail prevent you from hitting the worm.
The worm is almost dead.
You hit the worm.
You kill the worm!
No target in view!
No target in view!
No target in view!
No target in view!
No target in view!
No target in view!
No target in view!
No target in view!
No target in view!
No target in view!
No target in view!
No target in view!
You see here a worm corpse.
Found 5 boomerangs.
You fail to use your ability.
An adder comes into view.
Found 11 gold pieces.
An adder is nearby!
Found 54 stones.
You completely miss the adder.
The adder bites you but does no damage. x2
You hit the adder.
The adder is moderately wounded.
The adder bites you but does no damage. x2
You closely miss the adder.
The adder is moderately wounded.
The adder bites you but does no damage. x2
You miss the adder.
The adder is moderately wounded.
The adder bites you but does no damage.
You slash the adder!
You kill the adder!
No target in view!
No target in view!
No target in view!
No target in view!
No target in view!
No target in view!
No target in view!
No target in view!
No target in view!
No target in view!
No target in view!
Your magical essence is drained by the effort!
You feel much better.
Found a dagger.
Found a stone staircase leading down.
You see here an adder corpse.
You now have 29 gold pieces (gained 11).
A hobgoblin comes into view.
The hobgoblin shouts!
A hobgoblin is nearby!
You slash the hobgoblin!
You kill the hobgoblin!
No target in view!
No target in view!
No target in view!
No target in view!
No target in view!
No target in view!
No target in view!
No target in view!
No target in view!
No target in view!
No target in view!
No target in view!
No target in view!
No target in view!
No target in view!
No target in view!
No target in view!
No target in view!
Are you sure you want to abandon this character and quit the game? (Confirm with "yes".)

, , * , , , #.. ,
* , #.. , * #.#
### * ...,, ..#,
#.# *#.# ,** ,
#.# #.# # # * ,
#†# #.#.# * **, *
#@#####.#.# * * ,
* #.....#.#.# ,
#####(....#
####.# *
##.....#####
.....# *
#.........>.
####... *
######..........
.......#.#,
,..........######
####...#.# *
#######†....# #
*#.##.#
#########.###)# *


There were no monsters in sight!

Vanquished Creatures
  2 gnolls (D:3)
  An adder (D:3)
  A worm (D:3)
  A dart slug (D:1)
  3 bats
  2 goblins (D:3)
  A hobgoblin (D:3)
  4 jackals (D:3)
  A kobold (D:3)
  A rat (D:3)
17 creatures vanquished.

Vanquished Creatures (others)
  A goblin (D:1)
1 creature vanquished.

Grand Total: 18 creatures vanquished

Notes
Turn   | Place    | Note
-------+----------+-------------------------------------------
     0 | D:1      | EnegeticOcto the Deep Dwarf Fighter began the quest for the
                  | Orb.
     0 | D:1      | Reached XP level 1. HP: 20/20 MP: 1/1
   216 | D:3      | Reached XP level 2. HP: 24/27 MP: 2/2
   270 | D:3      | Reached XP level 3. HP: 19/34 MP: 3/3
   343 | D:3      | Quit the game

Illustrated notes

Levels and vault maps discovered:
D:1:      erik_arrival_triangle_medium, layout_basic, supply_closet_lemuel,
          lemuel_flame_loot_1
D:2:      layout_loops_ring, chequers_ecumenical_altar_simple,
          grunt_decor_arrowhead, nrook_uturn
D:3:      lemuel_castle_with_subvaults [lemuel_castle_interior_carwin_2],
          layout_loops_ring, grunt_temple_overflow_open

Skill      XL: |  1  2 |
---------------+-------+-----
Fighting       | 3 |  3.0
Axes           | 3 |  3.2
Armour         | |  3.7
Shields        | |  3.7

Action                   || total
-------------------------++-------
Melee: War axe           ||    52
 Abil: Heal Wounds       ||     2
Armor: Scale mail        ||    19
       Chain mail        ||     8
Dodge: Dodged            ||     8
Block: Kite shield       ||    28

Table legend: (Time is in decaauts)
 A = Elapsed time spent in this place.
 B = Non-inter-level travel time spent in this place.
 C = Inter-level travel time spent in this place.
 D = Time resting spent in this place.
 E = Time spent auto-exploring this place.
 F = Levels seen in this place.
 G = Mean time per level.
                   A        B        C        D        E       F      G
               +--------+--------+--------+--------+--------+-----+--------+
         Total |    365 |    335 |     30 |      0 |    195 |   3 |  121.7 |
       Dungeon |    365 |    335 |     30 |      0 |    195 |   3 |  121.7 |
               +--------+--------+--------+--------+--------+-----+--------+

Top non-repeatable levels by time:
     D:3: 187 daAuts
     D:1: 116 daAuts
     D:2: 61 daAuts
